Map: [ESL] Data-C

Players

ShoWTimE

  • Race: Protoss Protoss
  • Spawn Location: 9:00

Dark - Winner!

  • Race: Zerg Zerg
  • Spawn Location: 3:00

VOD

Have the link to the VOD?

Description

Time

  • Played on: Nov. 4, 2022, 6:12 a.m.
  • Length: 8:00
Show
View Real Time Build Order
Export as new Build Order

ShoWTimE Protoss 

Build Orders: 1 Gate Expand, Oracle Opening 

Get SALT Encoding   

  12  0:00  Probe  
  13  0:12  Probe  
  14  0:17  Pylon  
  14  0:24  Probe (Chrono Boost)  
  15  0:36  Probe (Chrono Boost)  
  15  0:38  Gateway  
  16  0:45  Probe (Chrono Boost)  
  16  0:47  Assimilator  
  17  0:51  Probe  
  18  1:03  Probe  
  19  1:15  Probe  
  20  1:23  Nexus  
  20  1:33  Cybernetics Core  
  20  1:37  Probe  
  21  1:43  Assimilator  
  21  1:49  Probe  
  21  1:51  Pylon  
  22  2:01  Probe  
  22  2:07  Adept (Chrono Boost)  
  23  2:13  Probe  
  26  2:22  Stargate  
  26  2:26  Probe (Chrono Boost)  
  26  2:27  Adept (Chrono Boost)  
  29  2:35  Probe (Chrono Boost)  
  23  2:37  Warp Gate  
  30  2:43  Probe (Chrono Boost)  
  32  2:45  Probe (Chrono Boost)  
  32  2:49  Adept  
  32  2:50  Probe x2 (Chrono Boost)  
  36  3:02  Probe x2  
  36  3:03  Pylon  
  38  3:06  Oracle (Chrono Boost)  
  41  3:14  Probe x2  
  43  3:20  Gateway  
  43  3:25  Adept  
  43  3:26  Probe x2  
  47  3:37  Pylon  
  47  3:38  Oracle (Chrono Boost), Probe x2  
  52  3:50  Probe x2  
  54  3:59  Nexus  
  54  4:02  Probe x2  
  56  4:06  Oracle (Chrono Boost)  
  56  4:08  Pylon  
  59  4:13  Assimilator  
  59  4:14  Assimilator  
  59  4:16  Probe  
  60  4:18  Probe  
  61  4:26  Adept x2  
  61  4:28  Probe  
  61  4:30  Probe  
  67  4:31  Pylon  
  67  4:40  Probe  
  67  4:42  Probe  
  69  4:46  Pylon  
  69  4:49  Oracle  
  69  4:52  Probe  
  73  4:54  Probe  
  73  4:55  Adept x2  
  78  5:00  Pylon  
  78  5:04  Probe  
  78  5:06  Probe  
  80  5:12  Forge  
  80  5:14  Robotics Facility  
  80  5:16  Probe  
  80  5:17  Probe  
  80  5:18  Probe  
  80  5:19  Adept  
  85  5:23  Adept  
  85  5:25  Shield Battery  
  87  5:28  Probe  
  87  5:30  Probe x2  
  87  5:34  Twilight Council  
  88  5:40  Pylon  
  88  5:41  Probe  
  88  5:42  Protoss Ground Weapons Level 1, Probe  
  90  5:43  Probe  
  90  5:45  Sentry x2  
  95  5:53  Probe, Assimilator  
  95  5:54  Probe  
  95  5:55  Probe  
  98  5:57  Assimilator  
  98  6:05  Probe  
  98  6:06  Probe  
  98  6:07  Probe  
  98  6:08  Gateway  
  98  6:09  Observer, Gateway  
  98  6:11  Gateway  
  102  6:13  Photon Cannon  
  102  6:17  Probe  
  102  6:18  Probe  
  104  6:19  Charge (Chrono Boost), Probe  
  104  6:22  Templar Archives  
  105  6:30  Warp Prism  
  107  6:33  Zealot x2  
  106  6:50  Probe  
  92  6:54  Probe  
  92  6:55  Probe  
  92  6:59  Zealot x2  
  93  7:02  Probe  
  93  7:06  Probe  
  93  7:07  Probe, Stalker  
  89  7:14  Probe  
  76  7:18  Probe  
  76  7:19  Probe  
  76  7:20  Stalker x2  
  66  7:26  Probe  
  50  7:30  Probe  
  50  7:31  Probe  
  40  7:38  Probe  
  40  7:43  Probe x2  
Show
View Real Time Build Order
Export as new Build Order

Dark Zerg - Winner!

Build Orders: Hatch First 

Get SALT Encoding   

  12  0:00  Drone  
  13  0:13  Overlord  
  13  0:17  Drone  
  14  0:31  Drone  
  14  0:32  Drone  
  16  0:49  Hatchery  
  15  0:53  Drone  
  15  0:56  Drone  
  17  0:58  Drone  
  18  1:10  Extractor  
  17  1:14  Spawning Pool  
  17  1:17  Drone  
  17  1:21  Drone  
  18  1:29  Drone  
  19  1:41  Drone  
  20  1:52  Drone  
  21  2:01  Queen  
  23  2:02  Queen  
  23  2:03  Zergling x2  
  23  2:04  Drone  
  27  2:13  Overlord  
  27  2:14  Drone  
  28  2:27  Hatchery  
  27  2:31  Drone  
  27  2:34  Zergling x2, Drone  
  27  2:36  Drone  
  31  2:43  Queen  
  33  2:48  Metabolic Boost  
  33  2:55  Zergling x4  
  35  3:00  Overlord  
  35  3:01  Drone  
  36  3:17  Queen  
  36  3:18  Drone x5  
  36  3:19  Drone  
  44  3:31  Overlord  
  44  3:35  Spore Crawler  
  44  3:37  Overlord  
  44  3:38  Queen  
  44  3:40  Queen  
  47  3:43  Drone  
  47  3:46  Drone x2  
  50  3:51  Drone  
  53  3:57  Evolution Chamber  
  53  4:00  Drone x3  
  53  4:01  Overlord  
  53  4:02  Drone  
  54  4:03  Drone  
  54  4:09  Queen  
  57  4:11  Drone  
  57  4:15  Overlord  
  57  4:16  Drone  
  59  4:20  Drone x2  
  59  4:21  Drone  
  62  4:26  Drone x2, Extractor  
  62  4:30  Zerg Melee Weapons Level 1  
  62  4:31  Drone x2  
  65  4:34  Spore Crawler  
  65  4:35  Drone  
  65  4:39  Drone x2  
  65  4:40  Drone x2  
  65  4:42  Drone  
  65  4:45  Zergling x4  
  71  4:55  Zergling x14  
  76  5:01  Zergling x2  
  76  5:02  Zergling x2, Baneling Nest  
  78  5:07  Zergling x6  
  80  5:15  Zergling x4  
  80  5:20  Overlord x3  
  81  5:31  Zergling x4  
  81  5:33  Zergling x6  
  82  5:40  Zergling x12  
  82  5:41  Hatchery  
  85  5:47  Zergling x14  
  91  5:51  Zergling x4  
  93  6:00  Zergling x4  
  93  6:03  Baneling  
  93  6:04  Baneling x5  
  91  6:05  Zergling x2  
  91  6:08  Zergling x2  
  93  6:17  Baneling x7  
  93  6:19  Baneling x6  
  93  6:20  Zergling x14  
  93  6:21  Zergling x4  
  93  6:24  Zergling x4  
  104  6:28  Zergling x4  
  104  6:35  Zergling x2  
  104  6:36  Zergling x2  
  104  6:44  Zergling x8  
  104  6:46  Zergling x2  
  106  6:47  Zergling x8  
  106  6:49  Zergling x4  
  103  6:55  Zergling x2  
  103  6:58  Zergling x6  
  99  7:06  Drone  
  99  7:08  Drone, Roach Warren  
  91  7:10  Drone  
  91  7:11  Baneling  
  91  7:13  Drone  
  86  7:18  Drone  
  86  7:19  Drone x3  
  83  7:25  Drone x5  
  83  7:28  Drone  
  82  7:30  Drone  
  82  7:33  Drone  
Tags
 
Add a new tag
Caveats
  • Supply blocks, unpowered buildings, or Contaminate may cause inaccurate times.
  • Supply counts are checked every 10 seconds.